 Dungeon Crawl Stone Soup version 0.25-a0-479-g8579842fd4 (webtiles) character file.

Game seed: 14650332008421802344, levelgen mode: deterministic

13 Esekla the Magician (level 2, -1/15 HPs)
             Began as a Deep Elf Wizard on Feb 9, 2020.
             Slain by an orc (3 damage)
             ... on level 3 of the Dungeon.
             The game lasted 00:05:38 (470 turns).

Esekla the Magician (Deep Elf Wizard)                Turns: 470, Time: 00:05:39

Health: -1/15      AC:  2    Str:  4    XL:     2   Next: 24%
Magic:  4/10       EV: 13    Int: 22    God:
Gold:   15         SH:  0    Dex: 13    Spells: 10/11 levels left

rFire    . . .     SeeInvis .   g - +0 short sword
rCold    . . .     Gourm    .   (no shield)
rNeg     . . .     Faith    .   a - +0 robe
rPois    .         Spirit   .   b - +0 hat
rElec    .         Reflect  .   (no cloak)
rCorr    .         Harm     .   (no gloves)
MR       .....                  (no boots)
Stlth    ++........             (no amulet)
HPRegen  0.05/turn              (no ring)
MPRegen  0.12/turn              (no ring)

@: no status effects
A: no striking features
a: no special abilities


You were on level 3 of the Dungeon.
You were not hungry.

You visited 1 branch of the dungeon, and saw 3 of its levels.

You collected 15 gold pieces.

Inventory:

Hand Weapons
 g - a +0 short sword (weapon)
Armour
 a - a +0 robe (worn)
 b - a +0 hat (worn)
Scrolls
 f - a scroll of fog {unknown}
 h - a scroll of magic mapping {unknown}
 i - a scroll of identify {unknown}
Potions
 c - a potion of agility {unknown}
 e - a potion of cancellation {unknown}
Comestibles
 d - a ration


   Skills:
 * Level 2.4 Dodging
 - Level 2.4 Stealth
 * Level 5.3 Spellcasting
 + Level 1.1 Conjurations
   Level 1.1 Summonings
   Level 1.1 Translocations


You had 10 spell levels left.
You knew the following spells:

 Your Spells              Type           Power        Failure   Level  Hunger
a - Magic Dart            Conj           ##..         6%          1    None

Your spell library contained the following spells:

 Spells                   Type           Power        Failure   Level  Hunger
 Blink                    Tloc           N/A          10%         2    None
 Call Imp                 Summ           ##......     10%         2    None
 Slow                     Hex            #.......     16%         2    None
 Conjure Flame            Conj/Fire      #.......     24%         3    ##.....
 Mephitic Cloud           Conj/Pois/Air  #.......     26%         3    ##.....


Dungeon Overview and Level Annotations

Branches:
Dungeon (3/15)

Altars:


Message History

Found a stone staircase leading down.
You see here 8 gold pieces.
You now have 15 gold pieces (gained 8).
Found a stone staircase leading down.
There is a stone staircase leading down here.
You climb downwards. 2 orcs and 2 orc priests come into view.
Found a stone staircase leading down.
There is a stone staircase leading up here.
The helpless orc priest fails to defend itself.
You hit the orc priest.
The orc priest is lightly wounded.
The orc shouts!
The orc priest shouts!
The orc shouts!
The orc barely misses you.
The orc priest mumbles some strange prayers to Beogh against you.
Pain shoots through your body!
Ouch! That really hurt!
* * * LOW HITPOINT WARNING * * *
The orc hits you.
You die...

...# ...# ....#
.>. ... #.##.##
#.######o.....#
....ooo@.......
#.######......#
#.##..# ## #


You could see 2 orc priests and 2 orcs.

Vanquished Creatures
  A leopard gecko (D:1)
  A goblin (D:1)
  2 hobgoblins (D:1)
  2 kobolds (D:1)
  4 bats (D:1)
  A frilled lizard (D:1)
11 creatures vanquished.

Notes
Turn   | Place    | Note
-------+----------+-------------------------------------------
     0 | D:1      | Esekla the Deep Elf Wizard began the quest for the Orb.
     0 | D:1      | Reached XP level 1. HP: 10/10 MP: 7/7
    96 | D:1      | Reached skill level 5 in Spellcasting
   135 | D:1      | Reached XP level 2. HP: 15/15 MP: 1/10
   470 | D:3      | Slain by an orc

Levels and vault maps discovered:
D:1:      dpeg_arrival_leaves_temple_mockup, layout_basic, serial_park_tiny_1,
          minmay_misc_feat_tower
D:2:      layout_rooms, uniq_jessica
D:3:      layout_loops_corners, first_ration, uniq_sigmund, uniq_grinder

Skill      XL: |  1 |
---------------+----+-----
Spellcasting   | 5 |  5.3
Dodging        | |  2.4
Stealth        | |  2.4
Conjurations   | |  1.1
Summonings     | |  1.1
Translocations | |  1.1

Action                   || total
-------------------------++-------
Melee: Unarmed           ||    10
       Short sword       ||     1
 Cast: Magic Dart        ||    37
 Stab: Sleeping          ||     1
Armor: Robe              ||     6
Dodge: Dodged            ||    25

Table legend:
 A = Non-vault XP
 B = Vault XP
 C = Vault XP percentage of total XP
 D = Non-vault monster count
 E = Vault monster count
 F = Vault count percentage of total count
                 A         B        C        D         E       F
            +---------+---------+-------+---------+---------+-------
      Total |      19 |       0 |   0.0 |      11 |       0 |   0.0
            +---------+---------+-------+---------+---------+-------
        D:1 |      19 |       0 |   0.0 |      11 |       0 |   0.0
            +---------+---------+-------+---------+---------+-------
